Unix NetHack Version 5.0.0-0 post-release - last build May 31 2026 13:37:37 (4f47d67043fb8e84071ad9bc9740482a2de5bd5e,branch:main).

Game began 2026-05-31 18:00:49, ended 2026-05-31 18:26:30.

ArrBianca, chaotic female elven Priestess

    --------------
    |............|
    |............|
    |............|     ########################             -----------
    |............|     #         -------------#           ##-.........|
    |............|    ##        #.C.........C|#           # |........<|
    ----------.-.-#####          |..%..C.....|#           # |.........|
          ##### ###              |...-----...|#       ##### -.---------
           ####                  |.....{.|...|#       ######
        ######%#                 |..C|{.{|C..|#       ##
    #######   -.---              |...|.{.|...|#      ##
  #######     |...|              |...-----....#########
 -.--.-       |...|              |.....C.....|##########
 |....|       |...-########      |C.........C|    ---*---------.--
 |..+.|       -----              -------------    |....:..q@...>.|
 |....|                                           |.[.....'q.....|
 |....|                                          @-........Z....j|
 ------                                           ----------------

ArrBianca the Adept          St:12 Dx:12 Co:16 In:8 Wi:20 Ch:9  Chaotic
Dlvl:7  $:15 HP:0(71) Pw:5(115) AC:6  Xp:7 T:5321 

Latest messages:
 You can't reach the floor.
 In what direction?
 You feel better.
 The rothe hits!
 The rothe just misses!
 The rothe bites!
 You feel better.
 The rothe hits!
 The rothe bites!
 The rothe bites again!
 The rothe hits!
 The rothe bites!
 The rothe bites again!
 You feel better.
 The rothe hits!
 The rothe bites!
 The rothe misses!
 The rope golem hits!
 The rope golem hits again!
 You are being choked.
 You feel better.
 The rothe hits!
 The rothe bites!
 The rothe bites again!
 The rothe hits!
 The rothe bites!
 The rothe misses!
 The rope golem hits!
 The rope golem hits again!
 You are being choked.
 What do you want to read? [gklsVWZ or ?*]
 Never mind.
 What do you want to zap? [ox or ?*]
 In what direction?
 The sleep ray hits the rope golem.
 The sleep ray bounces!
 The rothe hits!
 The rothe bites!
 The rothe bites again!
 The rope golem hits!
 The rope golem hits again!
 You are being choked.
 You cannot escape from the rope golem!
 The rothe hits!
 The rothe bites!
 The rothe misses!
 The rope golem hits!
 The rope golem hits again!
 You die...
 Do you want your possessions identified? [ynq] (y)

Inventory:
 Coins    ('$')
  $ - 15 gold pieces
 Weapons  (')')
  G - a blessed +0 orcish dagger
  a - a blessed corroded +2 mace (weapon in right hand)
 Armor    ('[')
  p - an uncursed +0 pair of high boots (being worn)
  c - an uncursed burnt rotted +0 small shield (being worn)
  b - an uncursed burnt +1 robe (being worn)
 Comestibles  ('%')
  e - an uncursed clove of garlic
  C - an uncursed cram ration
  F - an uncursed partly eaten cram ration
  E - an uncursed lembas wafer
  f - an uncursed sprig of wolfsbane
 Scrolls  ('?')
  s - 2 uncursed scrolls of enchant weapon
  k - an uncursed scroll of gold detection
 Spellbooks  ('+')
  W - an uncursed spellbook of confuse monster
  Z - a blessed spellbook of healing
  V - an uncursed spellbook of knock
  l - an uncursed spellbook of magic missile
  g - an uncursed spellbook of protection
 Potions  ('!')
  q - an uncursed potion of confusion
  m - an uncursed potion of gain energy
  A - 2 uncursed potions of healing
  B - 3 uncursed potions of invisibility
  D - an uncursed potion of levitation
  r - an uncursed potion of object detection
  H - an uncursed potion of see invisible
  N - 3 potions of holy water
  t - an uncursed potion of water
 Rings    ('=')
  S - a blessed +5 ring of adornment
  z - an uncursed ring of cold resistance (on left hand)
 Wands    ('/')
  o - an uncursed wand of sleep (0:5)
  x - an uncursed wand of slow monster (0:6)
 Tools    ('(')
  j - an uncursed wooden flute
  i - an uncursed magic marker (0:20)
  y - an uncursed mirror
  M - an uncursed skeleton key
 Gems/Stones  ('*')
  X - an uncursed aquamarine stone
  h - an uncursed fluorite stone
  Y - an uncursed worthless piece of green glass

ArrBianca the Priestess's attributes:

Background:
 You were an Adept, a level 7 elven Priestess.
 You were chaotic, on a mission for Set
 who was opposed by Mitra (lawful) and Crom (neutral).
 You were right-handed.
 You were in the Dungeons of Doom, on level 7.
 You entered the dungeon 5321 turns ago.
 There was a full moon in effect when your adventure ended.
 You had 668 experience points, 612 more were needed to attain level 8.

Basics:
 You had 0 out of 71 hit points.
 You had 5 out of 115 energy points (spell power).
 Your armor class was 6.
 Your wallet contained 15 zorkmids.
 Autopickup was on for '$?!/="+%' plus thrown, with exceptions.

Final Characteristics:
 Your strength was 12 (limit:18).
 Your dexterity was 12 (limit:18).
 Your constitution was 16 (limit:16).
 Your intelligence was 8 (limit:20).
 Your wisdom was 20 (limit:20).
 Your charisma was 9 (limit:18).

Final Status:
 You were held by a rope golem (southwest).
 You weren't hungry.
 You were unencumbered.
 You were wielding a mace.
 You were skilled in mace.

Final Attributes:
 You were piously aligned.
 You were cold resistant.
 Your items were protected from cold.
 You were sleep resistant.
 You were telepathic.
 You had infravision.
 You aggravated monsters.
 You were guarded.
 Your spell casting was enhanced by wearing a robe.
 You were lucky.
 You are dead.

Miscellaneous:
 You didn't encounter any bones levels.
 Total elapsed playing time was 25 minutes and 41 seconds.

Major events:
 Turn
    1: ArrBianca the chaotic elven Priestess entered the dungeon
 1028: attained the rank of Acolyte (level 3)
 4286: attained the rank of Adept (level 6)
 5321: killed by a rope golem

Spells:
 Name                 Level Category     Fail Retention
 protection             1   clerical       0%   71%-80%
 light                  1   clerical       0%   71%-80%
 confuse monster        1   enchantment    0%  76%-100%
 knock                  1   matter         0%  76%-100%
 healing                1   healing        0%  76%-100%
 magic missile          2   attack         0%  76%-100%

Skills:
 Fighting Skills
   bare handed combat [Unskilled]
 Weapon Skills
   club               [Unskilled]
   mace               [Skilled]
   morning star       [Unskilled]
   flail              [Unskilled]
   hammer             [Unskilled]
   quarterstaff       [Unskilled]
   polearms           [Unskilled]
   spear              [Unskilled]
   trident            [Unskilled]
   lance              [Unskilled]
   bow                [Unskilled]
   sling              [Unskilled]
   crossbow           [Unskilled]
   dart               [Unskilled]
   shuriken           [Unskilled]
   boomerang          [Unskilled]
   unicorn horn       [Unskilled]
 Spellcasting Skills
   healing spells     [Unskilled]
   divination spells  [Unskilled]
   clerical spells    [Basic]

Voluntary challenges:
 Character rerolling was not enabled.
 You never genocided any monsters.
 You never polymorphed an object.
 You never changed form.
 You used no wishes.
Achievements:
 You attained the rank of Acolyte.
 You entered a shop.
 You attained the rank of Adept.

 The Dungeons of Doom: levels 1 to 7
    Level 1:
       A sink, a grave.
    Level 2:
       An altar to Set, a fountain, a sink, a grave, a tree.
    Level 3:
       Some fountains.
    Level 4:
    Level 5:
    Level 6:
       A general store, a grave.
    Level 7: <- You were here.
       Many fountains.
       Oracle of Delphi.
       Final resting place for
          you, killed by a rope golem.


Vanquished creatures:
  a giant beetle
  a wolf
  2 brown puddings
  a dingo
  a blue jelly
  a gnome mummy
 an imp
  2 wood nymphs
  a water nymph
 an orc shaman
  2 rock piercers
  a rock mole
  a fog cloud
  a yellow light
  2 gnome leaders
  a gray ooze
  a giant ant
  3 floating eyes
  a kitten
  a homunculus
  5 rothes
  a rabid rat
  2 giant bats
  2 monkeys
  a dwarf zombie
  5 iguanas
  2 acid blobs
  a gas spore
  8 manes
  4 giant rats
  3 yellow molds
  2 green molds
  a red mold
  5 garter snakes
  5 geckos
  3 jackals
  4 kobolds
  3 goblins
  3 sewer rats
  7 grid bugs
  2 bats
  3 lichens
  2 kobold zombies
  4 newts
104 creatures vanquished.

No species were genocided or became extinct.

Game over:
                       ----------
                      /          \
                     /    REST    \
                    /      IN      \
                   /     PEACE      \
                  /                  \
                  |    ArrBianca     |
                  |      15 Au       |
                  | killed by a rope |
                  |      golem       |
                  |                  |
                  |                  |
                  |       2026       |
                 *|     *  *  *      | *
        _________)/\\_//(\/(/\)/\//\/|_)_______

Goodbye ArrBianca the Priestess...

You died in The Dungeons of Doom on dungeon level 7 with 3056 points,
and 15 pieces of gold, after 5321 moves.
You were level 7 with a maximum of 71 hit points when you died.

